 Dungeon Crawl Stone Soup version 0.28-a0-1235-g7c8fac35f0 (webtiles) character file.

Game seed: 6198557149118627110

1680 septik the Cleaver (level 8, -1/96 HPs)
             Began as a Minotaur Berserker on Dec 24, 2021.
             Was a Priest of Trog.
             Slain by a troll (3 damage)
             ... on level 6 of the Dungeon on Dec 25, 2021.
             The game lasted 00:17:50 (5213 turns).

septik the Cleaver (Minotaur Berserker)             Turns: 5213, Time: 00:17:50

Health: -1/96      AC:  8    Str: 24    XL:     8   Next: 70%
Magic:  7/7        EV:  8    Int:  4    God:    Trog [***...]
Gold:   142        SH:  0    Dex: 10    Spells: 7/7 levels left

rFire   + . .      SeeInvis .   m - +2 flail (vorpal)
rCold   + . .      Faith    .   (no shield)
rNeg    . . .      Spirit   .   n - +0 chain mail {rPois}
rPois   +          Reflect  .   (helmet restricted)
rElec   .          Harm     .   i - scarf {rC+ rF+}
rCorr   .          Rampage  .   (no gloves)
Will    ++...                   (no boots)
Stlth   ..........              (no amulet)
HPRegen 1.26/turn               (no ring)
MPRegen 0.10/turn               (no ring)

@: berserking, strong-willed, regenerating, very quick
A: horns 2, retaliatory headbutt
a: Renounce Religion, Berserk, Trog's Hand


You were on level 6 of the Dungeon.
You worshipped Trog.
Trog was most pleased with you.
You visited 1 branch of the dungeon, and saw 6 of its levels.

You collected 242 gold pieces.
You spent 100 gold pieces at shops.

Inventory:

Hand Weapons
 j - a +0 war axe
 m - a +2 vorpal flail (weapon)
Missiles
 e - 114 stones (quivered)
Armour
 i - a scarf of resistance (worn)
 n - a +0 chain mail of poison resistance (worn)
Jewellery
 f - an amulet of faith
Wands
 w - a wand of mindburst (14)
 x - a wand of iceblast (6)
Scrolls
 c - a scroll of summoning {unknown}
 d - 2 scrolls of noise {unknown}
 g - 4 scrolls of identify {unknown}
 h - 3 scrolls of vulnerability {unknown}
 l - 2 scrolls of fear {unknown}
 q - a scroll of acquirement {unknown}
 s - 3 scrolls of teleportation {unknown}
 t - a scroll of immolation {unknown}
 u - a scroll of brand weapon {unknown}
Potions
 a - 2 potions of attraction {unknown}
 b - 3 potions of mutation {unknown}
 k - 3 potions of ambrosia {unknown}
 o - a potion of haste {unknown}
 p - a potion of flight {unknown}
 r - a potion of lignification {unknown}
 v - 2 potions of curing {unknown}


   Skills:
 - Level 3.6 Fighting
 + Level 13.6 Axes
 - Level 2.4 Armour
 - Level 2.1 Dodging


You had 7 spell levels left.
You didn't know any spells.
Your spell library was empty.

Dungeon Overview and Level Annotations

Branches:
Dungeon (6/15)             Temple (0/1) D:6

Altars:
Trog
Xom

Shops:
D:3 *


Innate Abilities, Weirdness & Mutations

You have a pair of horns on your head.
You reflexively headbutt those who attack you in melee.


Message History

You closely miss the troll. The troll bites you! The troll claws you. x2
You closely miss the troll. You headbutt the troll.
The troll is lightly wounded.
The troll bites you! The troll claws you but does no damage.
The troll closely misses you.
You are too injured to fight recklessly!
You are too injured to fight recklessly!
You are too injured to fight recklessly!
You are too injured to fight recklessly!
You are too injured to fight recklessly!
You are too injured to fight recklessly!
You are too injured to fight recklessly!
You are too injured to fight recklessly!
You are too injured to fight recklessly!
You are too injured to fight recklessly!
You are too injured to fight recklessly!
You are too injured to fight recklessly!
You are too injured to fight recklessly!
You are too injured to fight recklessly!
You are too injured to fight recklessly!
You are too injured to fight recklessly!
You are too injured to fight recklessly!
You are too injured to fight recklessly!
Your skin crawls.
You feel strong-willed. The troll bites you. The troll claws you.
* * * LOW HITPOINT WARNING * * *
The troll claws you!
* * * LOW HITPOINT WARNING * * *
A red film seems to cover your vision as you go berserk!
You feel yourself moving faster!
You feel mighty! The troll bites you.
* * * LOW HITPOINT WARNING * * *
The troll closely misses you. The troll claws you!
* * * LOW HITPOINT WARNING * * *
You barely miss the troll. You headbutt the troll!
The troll is moderately wounded.
The troll bites you!
* * * LOW HITPOINT WARNING * * *
The troll claws you.
You die...

..## ##..###.# #....
### ##...# #..# #...#
#...## ..# ##### ##..##
#.# ##..## .. # #..##
#.#### ####### # ##.##
#....### #.....###
##..# ##T....#
#......## #..##
#..@...## #.......#
#.## #.......#
#........
.#############.......#
#........
.........(..##.......##
##.......
..........#.#.........#
#.......
........##............#
#.......
.......#.#............#
##......
.....##.#...#........##
#......
....#.##.)..#.......##
##......


You could see a troll.

Vanquished Creatures
  Pikel (D:5)
  Sigmund (D:3)
  4 ogres
  A bullfrog (D:6)
  3 scorpions
  A water moccasin skeleton (D:6)
  2 jellies (D:6)
  2 hounds (D:6)
  An orc priest (D:5)
  A centaur skeleton (D:6)
  An iguana (D:4)
  2 orc wizards (D:5)
  Terence (D:3)
  A hound skeleton (D:4)
  A howler monkey skeleton (D:4)
  A gnoll (D:3)
  6 adders
  2 shadow imps
  A white imp (D:6)
  An ufetubus (D:4)
  An adder skeleton (D:5)
  2 worms
  A dart slug (D:5)
  11 orcs
  5 bats
  6 endoplasms
  8 giant cockroaches
  3 goblins
  12 hobgoblins
  7 jackals
  8 kobolds
  2 quokkas
  9 ball pythons
  3 frilled lizards
  6 rats
118 creatures vanquished.

Vanquished Creatures (others)
  An adder (D:3)
  A worm (D:3)
  A dart slug (D:3)
  An orc (D:3)
  A hobgoblin (D:3)
  A jackal (D:3)
  A frilled lizard (D:3)
  4 plants (D:3)
11 creatures vanquished.

Grand Total: 129 creatures vanquished

Notes
Turn   | Place    | Note
-------+----------+-------------------------------------------
     0 | D:1      | septik the Minotaur Berserker began the quest for the Orb.
     0 | D:1      | Reached XP level 1. HP: 19/19 MP: 0/0
    64 | D:1      | Reached skill level 4 in Axes
    83 | D:1      | Reached XP level 2. HP: 26/26 MP: 1/1
   465 | D:1      | Found a faded altar of an unknown god.
   486 | D:1      | Reached skill level 5 in Axes
   748 | D:2      | Reached XP level 3. HP: 29/31 MP: 2/2
  1080 | D:2      | Reached ** piety under Trog
  1339 | D:3      | Noticed an ogre
  1344 | D:3      | Killed an ogre
  1345 | D:3      | Reached skill level 6 in Axes
  1345 | D:3      | Reached XP level 4. HP: 39/39 MP: 3/3
  1345 | D:3      | Reached XP level 5. HP: 45/45 MP: 4/4
  1399 | D:3      | Found a shimmering altar of Xom.
  1566 | D:3      | Reached skill level 7 in Axes
  1780 | D:3      | Found Yghulaw's Assorted Antiques.
  1788 | D:3      | Bought a scroll labelled KOEMPU BYIJAPH for 25 gold pieces
  1788 | D:3      | Bought a scroll labelled ISHU LIG MERU for 25 gold pieces
  1788 | D:3      | Bought a scroll labelled MIX NEKIROAXT for 25 gold pieces
  1788 | D:3      | Bought a scroll labelled ISHU LIG MERU for 25 gold pieces
  1829 | D:3      | Noticed Sigmund
  1845 | D:3      | Killed Sigmund
  1846 | D:3      | Reached skill level 8 in Axes
  1846 | D:3      | Reached XP level 6. HP: 51/51 MP: 5/5
  2403 | D:3      | Noticed Terence
  2408 | D:3      | Killed Terence
  2584 | D:4      | Reached skill level 9 in Axes
  2787 | D:4      | Reached XP level 7. HP: 50/57 MP: 6/6
  2893 | D:4      | Reached skill level 10 in Axes
  3073 | D:5      | Entered Level 5 of the Dungeon
  3252 | D:5      | Noticed Pikel
  3262 | D:5      | Killed Pikel
  3263 | D:5      | Reached skill level 11 in Axes
  3263 | D:5      | Reached XP level 8. HP: 25/64 MP: 7/7
  3574 | D:5      | Found a bloodstained altar of Trog.
  3893 | D:5      | Reached skill level 12 in Axes
  4299 | D:6      | Found a staircase to the Ecumenical Temple.
  4593 | D:6      | Reached *** piety under Trog
  4743 | D:6      | Reached skill level 13 in Axes
  5205 | D:6      | Noticed a troll
  5213 | D:6      | HP: 2/96 [troll (7)]
  5213 | D:6      | Slain by a troll

Illustrated notes

Levels and vault maps discovered:
D:1:      ncdulo_lavacross, layout_rooms,
          hellmonk_ecumenical_altar_pennies_from_heaven, minmay_misc_feat_room,
          minmay_fountain_box
D:2:      layout_loops_ring, st_stairs_5, minmay_pentomino_o2
D:3:      layout_loops_ring, xom_confusion_cloud, serial_shops,
          nicolae_shop_overgrown_old_shop, minivault_14, uniq_sigmund,
          uniq_terence
D:4:      layout_gridville
D:5:      layout_cave_pods, trog_book, kennysheep_small_circle, uniq_pikel
D:6:      layout_cave_pods, temple_pool_b, minmay_misc_feat_secret_circle,
          serial_bayou_pond_d

Skill      XL: |  1  2  3  4  5  6  7  8 |
---------------+-------------------------+-----
Axes           | 4 5 6 8 9 11 13 | 13.6
Fighting       | |  3.6
Armour         | |  2.4
Dodging        | |  2.1

Action                   |  1- 3 |  4- 6 |  7- 9 || total
-------------------------+-------+-------+-------++-------
Melee: Hand axe          |    50 |       |       ||    50
       Headbutt          |    11 |    17 |    16 ||    44
       War axe           |    19 |    78 |       ||    97
       Flail             |       |    28 |    93 ||   121
Invok: Berserk           |     1 |     2 |     2 ||     5
       Trog's Hand       |       |     2 |     1 ||     3
Armor: Ring mail         |     5 |       |       ||     5
       Animal skin       |     1 |       |       ||     1
       Scale mail        |    15 |    33 |       ||    48
       Chain mail        |       |    18 |    38 ||    56
Dodge: Dodged            |    34 |    54 |    43 ||   131

Table legend: (Time is in decaauts)
 A = Elapsed time spent in this place.
 B = Non-inter-level travel time spent in this place.
 C = Inter-level travel time spent in this place.
 D = Time resting spent in this place.
 E = Time spent auto-exploring this place.
 F = Levels seen in this place.
 G = Mean time per level.
                   A        B        C        D        E       F      G
               +--------+--------+--------+--------+--------+-----+--------+
         Total |   5267 |   5112 |    155 |    143 |   4192 |   6 |  877.8 |
       Dungeon |   5267 |   5112 |    155 |    143 |   4192 |   6 |  877.8 |
               +--------+--------+--------+--------+--------+-----+--------+

Top non-repeatable levels by time:
     D:3: 1269 daAuts
     D:5: 1214 daAuts
     D:6: 935 daAuts
     D:1: 748 daAuts
     D:2: 600 daAuts
     D:4: 499 daAuts
